 Dungeon Crawl Stone Soup version 0.26-a0-52-gd53d4cd058 (webtiles) character file.

Game seed: 15433322258322378300

18379 MordorOrchid the Cleaver (level 12, -1/94 HPs)
             Began as a Gnoll Wanderer on June 5, 2020.
             Was a High Priest of Cheibriados.
             Killed from afar by Azrael (24 damage)
             ... with damnation
             ... on level 12 of the Dungeon.
             The game lasted 01:01:26 (7112 turns).

MordorOrchid the Cleaver (Gnoll Wanderer)           Turns: 7112, Time: 01:01:27

Health: -1/94      AC: 12    Str: 30    XL:     12   Next: 57%
Magic:  0/22       EV: 16    Int: 34    God:    Cheibriados [*****.]
Gold:   197        SH:  0    Dex: 27    Spells: 15/25 levels left

rFire    + + .     SeeInvis .   u - +6 long sword of Certain Death {freeze, rF++}
rCold    . . .     Gourm    .   (no shield)
rNeg     . . .     Faith    .   Z - +0 chain mail
rPois    .         Spirit   +   B - +0 helmet
rElec    .         Reflect  .   d - scarf {+Inv}
rCorr    .         Harm     .   (no gloves)
MR       +....                  (no boots)
Stlth    +.........             k - amulet of guardian spirit
HPRegen  0.25/turn              E - ring of protection from magic
MPRegen  0.18/turn              Q - ring of wizardry

@: liquid flames, very slightly contaminated, glowing, studying Polearms,
invisible (but backlit and visible), very slow
A: distributed training, fangs 1, strong nose
a: Bend Time, Temporal Distortion, Slouch, Step From Time, Renounce Religion


You were on level 12 of the Dungeon.
You worshipped Cheibriados.
Cheibriados was extremely pleased with you.
You were not hungry.

You visited 1 branch of the dungeon, and saw 12 of its levels.

You collected 579 gold pieces.
You spent 382 gold pieces at shops.

Inventory:

Hand Weapons
 a - a +3 hand axe
 j - a +0 hunting sling
 u - the +6 long sword of Certain Death (weapon) {freeze, rF++}
   (You found it on level 10 of the Dungeon)

   It has been specially enchanted to freeze those struck by it, causing extra
   injury to most foes and up to half again as much damage against particularly
   susceptible opponents.
   It can also slow down cold-blooded creatures.
   It greatly protects you from fire.
 y - a +2 dagger of freezing
 N - a +7 battleaxe of freezing
 X - a +0 short sword of draining
Missiles
 m - 112 bolts
 w - 10 boomerangs (quivered)
 K - 11 poisoned darts
 L - 157 arrows
 R - 51 sling bullets
Armour
 d - a scarf of invisibility (worn)
 r - a +3 leather armour
 B - a +0 helmet (worn)
 C - a +0 scale mail
 G - a +0 ring mail
 J - a +0 cloak
 W - the cursed +0 leather armour of Mental Paralysis {rPois Int+7}
   (You found it on level 11 of the Dungeon)

   It affects your intelligence (+7).
   It protects you from poison.
   It has a curse placed upon it.
 Z - a +0 chain mail (worn)
Jewellery
 k - an amulet of guardian spirit (around neck)
 D - an uncursed ring of positive energy
 E - a ring of protection from magic (left hand)
 Q - a ring of wizardry (right hand)
 Y - an uncursed ring of see invisible
Wands
 l - a wand of iceblast (13)
 H - a wand of paralysis (12)
 O - a wand of flame (21)
 P - a wand of clouds (2)
 U - a wand of acid (19)
Scrolls
 g - a scroll of fear
 h - a scroll of identify
 n - a scroll of enchant armour {unknown}
 o - a scroll of acquirement {unknown}
 p - 2 scrolls of amnesia
 q - a scroll of blinking
 s - 4 scrolls of teleportation
 t - 2 scrolls of fog
 A - 2 scrolls of immolation
 F - 3 scrolls of remove curse
 M - a scroll of brand weapon {unknown}
 S - a scroll of magic mapping
 T - 2 scrolls of noise {unknown}
Potions
 b - 4 potions of curing
 c - 3 potions of stabbing {unknown}
 e - a potion of mutation {unknown}
 v - 7 potions of heal wounds
 z - 2 potions of lignification
 I - 4 potions of flight
Books
 V - a manual of Polearms
Comestibles
 f - 25 rations
 i - 5 chunks of flesh


   Skills:
 + Level 8.7 Fighting
 + Level 7.3 Short Blades
 + Level 7.3 Long Blades
 + Level 9.8 Axes
 + Level 7.8 Maces & Flails
 + Level 8.9 Polearms
 + Level 7.3 Staves
 + Level 7.3 Slings
 + Level 7.3 Bows
 + Level 7.3 Crossbows
 + Level 8.7 Throwing
 + Level 8.7 Armour
 + Level 7.3 Dodging
 + Level 7.3 Stealth
 + Level 7.3 Shields
 + Level 7.3 Unarmed Combat
 + Level 7.3 Spellcasting
 + Level 6.0 Conjurations
 + Level 6.0 Hexes
 + Level 6.0 Charms
 + Level 6.0 Summonings
 + Level 6.0 Necromancy
 + Level 6.0 Translocations
 + Level 6.0 Transmutations
 + Level 6.0 Fire Magic
 + Level 6.0 Ice Magic
 + Level 6.0 Air Magic
 + Level 6.0 Earth Magic
 + Level 6.0 Poison Magic
 + Level 8.0 Invocations
 + Level 7.3 Evocations


You had 15 spell levels left.
You knew the following spells:

 Your Spells              Type           Power        Failure   Level  Hunger
b - Call Imp              Summ           ######..     1%          2    None
c - Conjure Flame         Conj/Fire      ######..     1%          3    None
g - Mephitic Cloud        Conj/Pois/Air  ######..     1%          3    None
x - Blink                 Tloc           N/A          1%          2    None

Your spell library contained the following spells:

 Spells                   Type           Power        Failure   Level  Hunger
 Magic Dart               Conj           ####         1%          1    None
 Slow                     Hex            ######..     1%          2    None


Dungeon Overview and Level Annotations

Branches:
Dungeon (12/15)            Temple (0/1) D:5            Lair (0/6) D:11
    Orc (0/2) D:12

Altars:
Cheibriados
Dithmenos
Kikubaaqudgha
Nemelex Xobeh
Qazlal
Ru

Shops:
D:7 }   D:9 =

Annotations:
D:4 3 runed translucent doors, Caphalor's ghost, amateur DEFE
D:12 Azrael


Innate Abilities, Weirdness & Mutations

Your experience applies equally to all skills.
You have very sharp teeth.
Your uncanny sense of smell can sniff out nearby items.


Message History

You hear a bark!
You see here a hell hound corpse.
You fade into invisibility!
You are very lightly contaminated with residual magic.
Azrael gestures at you.
The sticky flame hits you but does no damage.
You are covered in liquid flames!
Azrael gestures at you.
The sphere of damnation explodes!
The damnation engulfs you!!
* * * LOW HITPOINT WARNING * * *
The damnation engulfs Azrael.
Azrael completely resists.
You hear a bark!
You see here a hell hound corpse.
You slash Azrael! You freeze Azrael. You bite Azrael, but do no damage.
Azrael is moderately wounded.
You are covered in liquid flames!
* * * LOW HITPOINT WARNING * * *
Azrael gestures at you.
The sphere of damnation explodes!
The damnation engulfs you!!
You die...

#### ### #...
#########.######.##
#.@........##......
#R###............#.
#° #.##...##.####.
#. #.##..###.# ..
..##..# #.. #.
#####.<# #### . #.
#..# #. #. ..... #.
##..... #.


You could see Azrael.

Vanquished Creatures
  Rupert (D:12)
  Snorg (D:11)
  3 two-headed ogres
  An unseen horror (D:10)
  A deep elf mage (D:12)
  A cyclops (D:12)
  An ugly thing (D:12)
  A manticore (D:11)
  3 centaur skeletons (D:12)
  A komodo dragon (D:12)
  An ice devil (D:11)
  A troll (D:11)
  A hornet (D:10)
  A hippogriff (D:12)
  8 yaks
  2 fire elementals
  A wraith (D:10)
  A vampire (D:9)
  4 hogs (D:7)
  4 fire bats (D:12)
  A human (D:7)
  A steam dragon (D:12)
  A hungry ghost (D:12)
  A two-headed ogre zombie (D:12)
  2 hell hounds (D:12)
  3 ice beasts
  2 porcupines (D:11)
  A black bear (D:10)
  3 orc warriors
  A phantom (D:7)
  A sky beast (D:9)
  A hornet zombie (D:12)
  A necrophage (D:7)
  8 ogres
  5 centaurs (D:11)
  A crocodile (D:12)
  2 gnoll sergeants
  4 bullfrogs
  A wyvern skeleton (D:8)
  4 scorpions
  2 water moccasin skeletons (D:7)
  A troll zombie (D:12)
  15 killer bees
  4 wights (D:6)
  6 howler monkeys
  4 crimson imps
  A bullfrog zombie (D:10)
  2 centaur zombies
  4 hounds
  2 bullfrog skeletons
  6 orc priests
  Crazy Yiuf (D:5)
  2 jellies
  Terence (D:3)
  13 orc wizards
  4 iguanas
  11 worker ants
  5 ogre zombies (D:12)
  A hound skeleton (D:8)
  Robin (D:3)
  A worker ant zombie (D:6)
  9 adders
  13 gnolls
  A howler monkey skeleton (D:5)
  An ooze (D:1)
  2 worms
  A dart slug (D:4)
  5 leopard geckos
  42 orcs
  5 giant cockroaches
  6 hobgoblins
  10 jackals
  9 kobolds
  10 quokkas
  8 bats
  5 frilled lizards
  15 goblins
  3 goblin skeletons (D:12)
  2 hobgoblin skeletons (D:12)
  A hobgoblin zombie (D:12)
  4 orc skeletons (D:12)
  9 orc zombies (D:12)
  6 rats
336 creatures vanquished.

Vanquished Creatures (others)
  Maurice (D:12)
  A bullfrog skeleton (D:12)
  11 fungi (D:11)
  3 plants (D:11)
16 creatures vanquished.

Grand Total: 352 creatures vanquished

Notes
Turn   | Place    | Note
-------+----------+-------------------------------------------
     0 | D:1      | MordorOrchid the Gnoll Wanderer began the quest for the
                  | Orb.
     0 | D:1      | MordorOrchid set off with the following items: a +2 hand
                  | axe, a potion of curing, 10 poisoned darts, a +0 dagger, a
                  | +0 robe, a ration
     0 | D:1      | Reached XP level 1. HP: 20/20 MP: 1/1
   292 | D:1      | Reached XP level 2. HP: 24/26 MP: 2/2
   660 | D:2      | Reached XP level 3. HP: 24/31 MP: 3/3
   663 | D:2      | Found an ancient bone altar of Kikubaaqudgha.
  1003 | D:2      | Reached skill level 1 in Invocations
  1118 | D:3      | Found a sparkling altar of Nemelex Xobeh.
  1333 | D:3      | Reached skill level 1 in Short Blades
  1333 | D:3      | Reached skill level 1 in Long Blades
  1333 | D:3      | Reached skill level 1 in Polearms
  1333 | D:3      | Reached skill level 1 in Staves
  1333 | D:3      | Reached skill level 1 in Slings
  1333 | D:3      | Reached skill level 1 in Bows
  1333 | D:3      | Reached skill level 1 in Crossbows
  1333 | D:3      | Reached skill level 1 in Dodging
  1333 | D:3      | Reached skill level 1 in Stealth
  1333 | D:3      | Reached skill level 1 in Shields
  1333 | D:3      | Reached skill level 1 in Unarmed Combat
  1333 | D:3      | Reached skill level 1 in Spellcasting
  1333 | D:3      | Reached skill level 1 in Evocations
  1333 | D:3      | Reached XP level 4. HP: 33/38 MP: 5/5
  1389 | D:3      | Reached skill level 1 in Conjurations
  1389 | D:3      | Reached skill level 1 in Hexes
  1389 | D:3      | Reached skill level 1 in Charms
  1389 | D:3      | Reached skill level 1 in Summonings
  1389 | D:3      | Reached skill level 1 in Necromancy
  1389 | D:3      | Reached skill level 1 in Translocations
  1389 | D:3      | Reached skill level 1 in Transmutations
  1389 | D:3      | Reached skill level 1 in Fire Magic
  1389 | D:3      | Reached skill level 1 in Ice Magic
  1389 | D:3      | Reached skill level 1 in Air Magic
  1389 | D:3      | Reached skill level 1 in Earth Magic
  1389 | D:3      | Reached skill level 1 in Poison Magic
  1427 | D:3      | Noticed Terence
  1435 | D:3      | Killed Terence
  1435 | D:3      | Reached XP level 5. HP: 35/43 MP: 6/6
  1554 | D:3      | Noticed Robin
  1569 | D:3      | Killed Robin
  1754 | D:4      | Reached XP level 6. HP: 50/50 MP: 1/8
  1846 | D:4      | Found a sacrificial altar of Ru.
  1908 | D:4      | Reached skill level 5 in Fighting
  1908 | D:4      | Reached skill level 5 in Throwing
  1908 | D:4      | Reached skill level 5 in Armour
  2032 | D:4      | Found a snail-covered altar of Cheibriados.
  2041 | D:4      | Found a runed translucent gate.
  2041 | D:4      | Found a runed translucent gate.
  2041 | D:4      | Found a runed translucent gate.
  2043 | D:4      | Noticed Caphalor's ghost (amateur DEFE)
  2058 | D:4      | Became a worshipper of Cheibriados the Contemplative
  2129 | D:4      | Reached XP level 7. HP: 30/56 MP: 5/10
  2249 | D:5      | Entered Level 5 of the Dungeon
  2301 | D:5      | Reached skill level 7 in Axes
  2334 | D:5      | Found a runed translucent door.
  2335 | D:5      | Noticed Crazy Yiuf
  2342 | D:5      | Killed Crazy Yiuf
  2445 | D:5      | Found a staircase to the Ecumenical Temple.
  2644 | D:5      | Reached XP level 8. HP: 47/63 MP: 6/12
  2826 | D:6      | Reached * piety under Cheibriados
  2900 | D:6      | Noticed a yak
  2901 | D:6      | Noticed a yak
  2907 | D:6      | Noticed a yak
  2907 | D:6      | Noticed a yak
  2911 | D:6      | Killed a yak
  2918 | D:6      | Killed a yak
  2923 | D:6      | Killed a yak
  2932 | D:6      | Killed a yak
  2944 | D:6      | Found a shadowy altar of Dithmenos.
  2963 | D:6      | Reached XP level 9. HP: 39/69 MP: 9/14
  3335 | D:7      | Learned a level 2 spell: Blink
  3339 | D:7      | Learned a level 3 spell: Mephitic Cloud
  3342 | D:7      | Learned a level 2 spell: Call Imp
  3349 | D:7      | Found Simiceso's Gadget Emporium.
  3363 | D:7      | Bought a wand of iceblast (9) for 195 gold pieces
  3456 | D:7      | Found a stormy altar of Qazlal.
  3466 | D:7      | Reached skill level 5 in Maces & Flails
  3483 | D:7      | Learned a level 3 spell: Conjure Flame
  3520 | D:7      | Reached ** piety under Cheibriados
  3522 | D:7      | Reached skill level 8 in Axes
  3525 | D:7      | Reached skill level 5 in Invocations
  3955 | D:8      | Reached XP level 10. HP: 77/77 MP: 17/17
  4010 | D:8      | Noticed a two-headed ogre
  4016 | D:8      | Killed a two-headed ogre
  4016 | D:8      | Reached skill level 5 in Short Blades
  4016 | D:8      | Reached skill level 5 in Long Blades
  4016 | D:8      | Reached skill level 5 in Polearms
  4016 | D:8      | Reached skill level 5 in Staves
  4016 | D:8      | Reached skill level 5 in Slings
  4016 | D:8      | Reached skill level 5 in Bows
  4016 | D:8      | Reached skill level 5 in Crossbows
  4016 | D:8      | Reached skill level 5 in Dodging
  4016 | D:8      | Reached skill level 5 in Stealth
  4016 | D:8      | Reached skill level 5 in Shields
  4016 | D:8      | Reached skill level 5 in Unarmed Combat
  4016 | D:8      | Reached skill level 5 in Spellcasting
  4016 | D:8      | Reached skill level 5 in Evocations
  4384 | D:9      | Noticed a two-headed ogre
  4389 | D:9      | Killed a two-headed ogre
  4755 | D:9      | Reached *** piety under Cheibriados
  4870 | D:9      | Found Oretepea's Jewellery Shoppe.
  4873 | D:9      | Bought a cursed amulet of inaccuracy for 22 gold pieces
  4874 | D:9      | Bought an uncursed ring of see invisible for 165 gold
                  | pieces
  4927 | D:10     | Entered Level 10 of the Dungeon
  4936 | D:10     | Noticed a two-headed ogre
  4940 | D:10     | Killed a two-headed ogre
  4969 | D:10     | Noticed an unseen horror
  4974 | D:10     | Killed an unseen horror
  4974 | D:10     | Reached XP level 11. HP: 82/84 MP: 17/19
  5292 | D:10     | Got a transparent long sword
  5451 | D:10     | Identified the +6 long sword of Certain Death {freeze,
                  | rF++} (You found it on level 10 of the Dungeon)
  5546 | D:11     | Reached skill level 9 in Axes
  5550 | D:11     | Reached **** piety under Cheibriados
  5551 | D:11     | Noticed a manticore
  5617 | D:11     | Reached skill level 5 in Conjurations
  5617 | D:11     | Reached skill level 5 in Hexes
  5617 | D:11     | Reached skill level 5 in Charms
  5617 | D:11     | Reached skill level 5 in Summonings
  5617 | D:11     | Reached skill level 5 in Necromancy
  5617 | D:11     | Reached skill level 5 in Translocations
  5617 | D:11     | Reached skill level 5 in Transmutations
  5617 | D:11     | Reached skill level 5 in Fire Magic
  5617 | D:11     | Reached skill level 5 in Ice Magic
  5617 | D:11     | Reached skill level 5 in Air Magic
  5617 | D:11     | Reached skill level 5 in Earth Magic
  5617 | D:11     | Reached skill level 5 in Poison Magic
  5694 | D:11     | Killed a manticore
  5804 | D:11     | Found a frozen archway.
  5942 | D:11     | Noticed Snorg
  5958 | D:11     | Killed Snorg
  6063 | D:11     | Got a dazzling leather armour
  6093 | D:11     | Found a staircase to the Lair.
  6197 | D:12     | Noticed Azrael
  6375 | D:12     | Noticed a deep elf mage
  6378 | D:12     | Killed a deep elf mage
  6378 | D:12     | Reached XP level 12. HP: 91/93 MP: 22/22
  6418 | D:12     | Noticed Maurice
  6425 | D:12     | Killed Maurice
  6453 | D:12     | Reached ***** piety under Cheibriados
  6714 | D:12     | Found a staircase to the Orcish Mines.
  6826 | D:12     | Identified the cursed +0 leather armour of Mental Paralysis
                  | {rPois Int+7} (You found it on level 11 of the Dungeon)
  6952 | D:12     | Noticed Rupert
  6965 | D:12     | Killed Rupert
  7112 | D:12     | Killed from afar by Azrael

Illustrated notes

Levels and vault maps discovered:
D:1:      heliophobic_arrival_enchanted_forest, layout_basic
D:2:      layout_loops_ring, old_standard_altar, first_ration,
          nrook_mini_backslash
D:3:      layout_loops_ring, lemuel_crystal_altar, grunt_ministairs_1,
          corexii_shack, uniq_terence, uniq_robin
D:4:      layout_cave_pools, kennysheep_slug_shrine,
          nicolae_ru_great_annihilating_truth, ebering_ghost_rock_garden,
          minmay_unequal
D:5:      layout_rooms, minmay_temple_entry_purple_smoke,
          uniq_crazy_yiuf_cottage
D:6:      layout_loops_ring, nicolae_dithmenos_the_darkroom
D:7:      layout_rooms, serial_shops, nicolae_shop_stone, basic_altar,
          grunt_livestock
D:8:      layout_cave_pods
D:9:      layout_irregular_city, serial_shops, kennysheep_mini
D:10:     layout_irregular_city
D:11:     layout_cave_pools, grunt_lair_entry_orc_guard_hut, serial_glass,
          glass_columns_a, glass_columns_a, portal_ice_cave_demonic_guard,
          uniq_snorg
D:12:     kennysheep_snake, layout_loops_corners, zombieorc2_lemuel,
          minivault_10, hangedman_incinerator, uniq_maurice, uniq_azrael,
          uniq_rupert

Skill      XL: |  1  2  3  4  5  6  7  8  9 10 11 12 |
---------------+-------------------------------------+-----
Invocations    | 1 2 3 4 5 6 7 8 |  8.0
Short Blades   | 1 2 3 4 5 6 7 |  7.3
Long Blades    | 1 2 3 4 5 6 7 |  7.3
Polearms       | 1 2 3 4 6 7 8 |  8.9
Staves         | 1 2 3 4 5 6 7 |  7.3
Slings         | 1 2 3 4 5 6 7 |  7.3
Bows           | 1 2 3 4 5 6 7 |  7.3
Crossbows      | 1 2 3 4 5 6 7 |  7.3
Dodging        | 1 2 3 4 5 6 7 |  7.3
Stealth        | 1 2 3 4 5 6 7 |  7.3
Shields        | 1 2 3 4 5 6 7 |  7.3
Unarmed Combat | 1 2 3 4 5 6 7 |  7.3
Spellcasting   | 1 2 3 4 5 6 7 |  7.3
Evocations     | 1 2 3 4 5 6 7 |  7.3
Conjurations   | 1 2 3 4 5 6 |  6.0
Hexes          | 1 2 3 4 5 6 |  6.0
Charms         | 1 2 3 4 5 6 |  6.0
Summonings     | 1 2 3 4 5 6 |  6.0
Necromancy     | 1 2 3 4 5 6 |  6.0
Translocations | 1 2 3 4 5 6 |  6.0
Transmutations | 1 2 3 4 5 6 |  6.0
Fire Magic     | 1 2 3 4 5 6 |  6.0
Ice Magic      | 1 2 3 4 5 6 |  6.0
Air Magic      | 1 2 3 4 5 6 |  6.0
Earth Magic    | 1 2 3 4 5 6 |  6.0
Poison Magic   | 1 2 3 4 5 6 |  6.0
Maces & Flails | 3 4 5 6 7 |  7.8
Fighting       | 5 6 7 8 |  8.7
Throwing       | 5 6 7 8 |  8.7
Armour         | 5 6 7 8 |  8.7
Axes           | 7 8 9 |  9.8

Action                   |  1- 3 |  4- 6 |  7- 9 | 10-12 || total
-------------------------+-------+-------+-------+-------++-------
Melee: Hand axe          |   106 |   100 |   141 |       ||   347
       Bite              |     9 |     7 |    30 |    47 ||    93
       Punch             |     1 |       |     1 |     2 ||     4
       Battleaxe         |       |       |    45 |   298 ||   343
       Long sword        |       |       |       |    19 ||    19
Throw: Dart              |    11 |    37 |    46 |    56 ||   150
       Boomerang         |       |       |    39 |    45 ||    84
       Stone             |       |       |     1 |       ||     1
 Cast: Mephitic Cloud    |       |       |     1 |     8 ||     9
       Conjure Flame     |       |       |       |     5 ||     5
Invok: Bend Time         |       |       |     4 |    15 ||    19
       Slouch            |       |       |       |     1 ||     1
       Temporal Distorti |       |       |       |     1 ||     1
 Abil: Evoke Invisibilit |       |       |       |     1 ||     1
Evoke: Wand              |       |       |       |    15 ||    15
  Use: Scroll            |     2 |     2 |     9 |    10 ||    23
       Potion            |       |     1 |     3 |     2 ||     6
 Stab: Paralysed         |       |     1 |       |       ||     1
       Distracted        |       |       |     1 |       ||     1
       Sleeping          |       |       |     3 |     1 ||     4
       Confused          |       |       |     2 |     7 ||     9
       Invisible         |       |       |       |     1 ||     1
  Eat: Chunk             |     1 |     3 |     5 |     8 ||    17
Armor: Scale mail        |    30 |    33 |     4 |       ||    67
       Robe              |     1 |       |       |       ||     1
       Leather armour    |       |       |    44 |    26 ||    70
       Chain mail        |       |       |       |   119 ||   119
Dodge: Dodged            |    46 |    45 |    95 |   278 ||   464
       Rpst.: Long sword |       |       |       |     9 ||     9

Table legend:
 A = Non-vault XP
 B = Vault XP
 C = Vault XP percentage of total XP
 D = Non-vault monster count
 E = Vault monster count
 F = Vault count percentage of total count
                 A         B        C        D         E       F
            +---------+---------+-------+---------+---------+-------
      Total |   17273 |    8984 |  34.2 |     264 |      73 |  21.7
            +---------+---------+-------+---------+---------+-------
        D:1 |      28 |       0 |   0.0 |      15 |       0 |   0.0
        D:2 |      31 |       0 |   0.0 |      17 |       0 |   0.0
        D:3 |     176 |      75 |  29.9 |      37 |      15 |  28.8
        D:4 |     320 |      84 |  20.8 |      11 |       6 |  35.3
        D:5 |     502 |      40 |   7.4 |      12 |       1 |   7.7
        D:6 |    1549 |       0 |   0.0 |      27 |       0 |   0.0
        D:7 |     707 |     868 |  55.1 |       9 |       5 |  35.7
        D:8 |    1528 |       0 |   0.0 |      13 |       0 |   0.0
        D:9 |    1732 |       0 |   0.0 |      16 |       0 |   0.0
       D:10 |    3260 |       0 |   0.0 |      28 |       0 |   0.0
       D:11 |    3272 |    2312 |  41.4 |      38 |       7 |  15.6
       D:12 |    4168 |    5605 |  57.4 |      41 |      39 |  48.8
            +---------+---------+-------+---------+---------+-------
